 Dungeon Crawl Stone Soup version 0.32-a0-765-gfba4d74c8c (webtiles) character file.

Game seed: 7549291515716650736

173 Essalna the Digger (level 5, -2/28 HPs)
             Began as a Gargoyle Earth Elementalist on Mar 18, 2024.
             Killed by divine providence
             ... invoked by an orc priest
              (10 damage)
             ... on level 3 of the Dungeon.
             The game lasted 00:04:15 (3239 turns).

Essalna the Digger (Gargoyle Earth Elementalist)    Turns: 3239, Time: 00:04:16

Health: -2/28      AC:  7    Str: 11    XL:     5   Next: 53%
Magic:  8/9        EV: 11    Int: 18    God:
Gold:   105        SH:  0    Dex: 10    Spells: 1/10 levels left

rFire   . . .        e - +0 whip (vamp)
rCold   . . .        (no shield)
rNeg    + . .        a - +0 robe
rPois   ∞            (no helmet)
rElec   +            (no cloak)
rCorr   .            o - +0 pair of gloves
SInv    .            (no boots)
Will    .....        (no amulet)
Stlth   ++           (no ring)
HPRegen 0.24/turn    (no ring)
MPRegen 0.11/turn

%: no passive effects
@: no status effects
A: sickness immunity, AC +4, negative energy resistance 1, electricity
resistance, torment resistance 1, petrification resistance
a: Convert to Beogh


You were on level 3 of the Dungeon.
You visited 1 branch of the dungeon, and saw 3 of its levels.

You collected 105 gold pieces.

Inventory:

Hand Weapons
 e - a +0 vampiric whip (weapon)
Armour
 a - a +0 robe (worn)
 o - a +0 pair of gloves (worn)
Jewellery
 g - a ring of resist corrosion
 j - a ring of ice
Scrolls
 d - a scroll of enchant armour {unknown}
 f - a scroll of poison {unknown}
 h - 2 scrolls of fear {unknown}
 i - a scroll of revelation {unknown}
 m - a scroll of noise {unknown}
 p - a scroll of teleportation {unknown}
Potions
 c - 4 potions of curing {unknown}
 k - a potion of resistance {unknown}
 l - a potion of degeneration {unknown}
 n - a potion of enlightenment {unknown}


   Skills:
 - Level 1.5 Dodging
 - Level 2.1 Stealth
 + Level 3.2 Spellcasting
 + Level 3.2 Conjurations
 + Level 0.5 Ice Magic
 + Level 0.4 Air Magic
 + Level 5.0 Earth Magic


You had one spell level left.
You knew the following spells:

 Your Spells              Type           Power      Damage    Failure   Level
a - Sandblast             Erth           40%        2d10      1%          1
b - Stone Arrow           Conj/Erth      34%        3d9       9%          3
c - Freezing Cloud        Conj/Ice/Air   4%         6-21      94%         5

Your spell library contained the following spells:

 Spells                   Type           Power      Damage    Failure   Level
 Passwall                 Erth           20%        N/A       6%          3
 Mephitic Cloud           Conj/Alch/Air  7%         N/A       28%         3
 Brom's Barrelling Bould  Conj/Erth      17%        2d4       28%         4
 Petrify                  Alch/Erth      11%        N/A       50%         4
 Summon Mana Viper        Hex/Summ       2%         N/A       99%         5
 Summon Hydra             Summ           1%         N/A       100%        7


Dungeon Overview and Level Annotations

Branches:
Dungeon (3/15)

Altars:
Cheibriados
Qazlal

Shops:
D:2 ?   D:3 ?


Innate Abilities, Weirdness & Mutations

You are immune to sickness and miasma.
Your stone body is resilient. (AC +4)
You are immune to poison.
You resist negative energy. (rN+)
You are resistant to electric shocks. (rElec)
You are resistant to unholy torment.
You are immune to petrification.


Message History

* * * LOW HITPOINT WARNING * * *
Casting: Sandblast (safe; 1% risk of failure)
Confirm with . or Enter, or press ? or * to list all spells.
Aiming: Sandblast (safe; 1% risk of failure)
Press: ? - help, Shift-Dir - straight line, f/p - orc priest
Aim: an orc priest, wielding a +0 short sword and wearing a +0 scale mail (severely wounded, 85% to hit)
The blast of sand hits the orc priest but does no damage.
The orc priest is severely wounded.
Something hits you but does no damage.
The orc priest threatens, "Beogh's wrath is as vast as their mercy.
Make your choice!"
The orc priest hits you but does no damage.
Something hits you but does no damage. The orc priest barely misses you.
Casting: Sandblast (safe; 1% risk of failure)
Confirm with . or Enter, or press ? or * to list all spells.
You don't have enough magic to cast this spell.
Unknown command.
Magic courses through your body. Something hits you but does no damage.
The orc priest shouts, "Surrender to Beogh and we'll let you live!"
The orc priest hits you with a +0 short sword.
* * * LOW HITPOINT WARNING * * *
Casting: Sandblast (safe; 1% risk of failure)
Confirm with . or Enter, or press ? or * to list all spells.
Aiming: Sandblast (safe; 1% risk of failure)
Press: ? - help, Shift-Dir - straight line, f/p - orc priest
Aim: an orc priest, wielding a +0 short sword and wearing a +0 scale mail (severely wounded, 85% to hit)
The blast of sand misses the orc priest.
Something hits you but does no damage. The orc priest misses you.
Casting: Sandblast (safe; 1% risk of failure)
Confirm with . or Enter, or press ? or * to list all spells.
Aiming: Sandblast (safe; 1% risk of failure)
Press: ? - help, Shift-Dir - straight line, f/p - orc priest
Aim: an orc priest, wielding a +0 short sword and wearing a +0 scale mail (severely wounded, 85% to hit)
The blast of sand hits the orc priest.
The orc priest is severely wounded.
The orc priest shouts, "The Pantheon deserves no one's loyalty.
Let us show you the true path!"
The orc priest shouts, "Beogh offers mercy even to people such as you.
Join us and be reborn!"
Something hits you but does no damage.
The orc priest mumbles some strange prayers to Beogh against you.
Beogh smites you!
You die...

.# #.# ##...## #.# ##### .# #.##
##.....## #.####...# .# #..##
##.......###........#
.#####...####.........##........#
......#...†.'.........'...).....#
####.###.####.........##.#...#...
##.#.## ##....)..###.##.##...
#..## ##.....## #.###..... #o##
##@o.## #.# #.#.#. #.# ##{##
#.###.#... #.# #)######......(.#
... #†##......##.#### #.#
.)##.####.##.# #.. #... #.##.#
### .... #.##.# ##...# .....#
..... #.####


You could see an orc priest.

Vanquished Creatures
  A bombardier beetle (D:3)
  6 adders
  3 ribbon worms (D:2)
  A dart slug (D:3)
  5 orcs (D:3)
  6 endoplasms
  A giant cockroach (D:2)
  7 hobgoblins
  4 jackals (D:2)
  4 quokkas
  6 ball pythons
  7 bats
  2 frilled lizards (D:1)
  7 goblins
  5 kobolds
  8 rats
73 creatures vanquished.

Notes
Turn   | Place    | Note
-------+----------+-------------------------------------------
     0 | D:1      | Essalna the Gargoyle Earth Elementalist began the quest for
                  | the Orb.
     0 | D:1      | Reached XP level 1. HP: 10/10 MP: 3/3
   142 | D:1      | Got Ceazoac's Lessons on the Gusty Entourage
   183 | D:1      | Reached XP level 2. HP: 15/15 MP: 3/5
   405 | D:1      | Reached skill level 4 in Earth Magic
   974 | D:2      | Reached XP level 3. HP: 13/19 MP: 1/6
   978 | D:2      | Learned a level 3 spell: Stone Arrow
  1045 | D:2      | Found Bekkaray's Magic Scroll Shoppe.
  1318 | D:2      | Reached XP level 4. HP: 24/24 MP: 6/8
  1754 | D:2      | Found a stormy altar of Qazlal.
  2722 | D:3      | Reached XP level 5. HP: 18/28 MP: 0/9
  2935 | D:3      | Found a snail-covered altar of Cheibriados.
  2942 | D:3      | Learned a level 5 spell: Freezing Cloud
  3084 | D:3      | Found Baluxish's Magic Scroll Boutique.
  3205 | D:3      | Reached skill level 5 in Earth Magic
  3239 | D:3      | Killed from afar by an orc priest

Illustrated notes

Levels and vault maps discovered:
D:1:      sevenhm_arrival_forest_fort_small_6, layout_loops_ring,
          chequers_arboretum
D:2:      wander_river, layout_basic, basic_altar, serial_shops, shop,
          hex_large, kennysheep_generic_room_15
D:3:      layout_loops_corners, lemuel_round_altar, serial_shops,
          nicolae_shop_stone

Skill      XL: |  1  2  3  4  5 |
---------------+----------------+-----
Earth Magic    | 4 5 |  5.0
Conjurations   | 2 3 |  3.2
Spellcasting   | 3 |  3.2
Dodging        | |  1.5
Stealth        | |  2.1
Ice Magic      | |  0.5
Air Magic      | |  0.4

Action                     |  1- 3 |  4- 6 || total
---------------------------+-------+-------++-------
  Melee: Whip              |     8 |     7 ||    15
   Cast: Sandblast         |    47 |    79 ||   126
    Use: Potion            |       |     1 ||     1
 Armour: Robe              |    20 |    46 ||    66
  Dodge: Dodged            |    29 |    23 ||    52

Table legend: (Time is in decaauts)
 A = Elapsed time spent in this place.
 B = Non-inter-level travel time spent in this place.
 C = Inter-level travel time spent in this place.
 D = Time resting spent in this place.
 E = Time spent auto-exploring this place.
 F = Levels seen in this place.
 G = Mean time per level.
                   A        B        C        D        E       F      G
               +--------+--------+--------+--------+--------+-----+--------+
         Total |   3342 |   3306 |     36 |      0 |   2863 |   3 | 1114.0 |
       Dungeon |   3342 |   3306 |     36 |      0 |   2863 |   3 | 1114.0 |
               +--------+--------+--------+--------+--------+-----+--------+

Top non-repeatable levels by time:
     D:2: 1398 daAuts
     D:1: 983 daAuts
     D:3: 960 daAuts
